 Dungeon Crawl Stone Soup version 0.29.1-15-g9cfb28693d (webtiles) character file.

Game seed: 3887776283964648899

66 Eitelfritz the Slasher (level 3, -2/30 HPs)
             Began as a Minotaur Gladiator on Apr 29, 2023.
             Succumbed to a scorpion's poison
             ... on level 3 of the Dungeon.
             The game lasted 00:04:38 (2028 turns).

Eitelfritz the Slasher (Minotaur Gladiator)         Turns: 2028, Time: 00:04:39

Health: -2/30      AC:  4    Str: 18    XL:     3   Next: 96%
Magic:  2/2        EV: 12    Int:  7    God:
Gold:   149        SH:  0    Dex: 11    Spells: 2/2 levels left

rFire   . . .      SeeInvis .   a - +0 long sword
rCold   . . .      Faith    .   (no shield)
rNeg    . . .      Spirit   .   b - +0 leather armour
rPois   .          Reflect  .   c - +0 hat
rElec   .          Harm     .   (no cloak)
rCorr   .          Rampage  .   (no gloves)
Will    .....                   m - +0 pair of boots
Stlth   +.........              (no amulet)
HPRegen 0.10/turn               (no ring)
MPRegen 0.08/turn               (no ring)

@: lethally poisoned (-2 -> -19)
A: horns 2, retaliatory headbutt
a: no special abilities


You were on level 3 of the Dungeon.
You visited 1 branch of the dungeon, and saw 3 of its levels.

You collected 149 gold pieces.

Inventory:

Hand Weapons
 a - a +0 long sword (weapon)
 r - a +0 bardiche
Missiles
 e - a javelin (quivered)
 j - 15 poisoned darts
Armour
 b - a +0 leather armour (worn)
 c - a +0 hat (worn)
 m - a +0 pair of boots (worn)
Jewellery
 l - a ring of magical power
Scrolls
 g - 2 scrolls of immolation {unknown}
 h - 2 scrolls of blinking {unknown}
 k - 3 scrolls of teleportation {unknown}
 n - a scroll of fog {unknown}
 o - 2 scrolls of identify {unknown}
 p - 4 scrolls of enchant weapon {unknown}
 q - a scroll of fear {unknown}
Potions
 f - 3 potions of curing
 i - 2 potions of brilliance {unknown}
 s - a potion of resistance {unknown}
 t - a potion of flight {unknown}


   Skills:
 + Level 2.8 Fighting
 + Level 4.5 Long Blades
 + Level 2.2 Throwing
 + Level 1.5 Armour
 + Level 3.9 Dodging
 + Level 0.1 Stealth


You had 2 spell levels left.
You didn't know any spells.
Your spell library contained the following spells:

 Spells                   Type           Power      Damage    Failure   Level
 Apportation              Tloc           0%         N/A       50%         1
 Necrotise                Necr           0%         1d4       50%         1
 Summon Small Mammal      Summ           0%         N/A       50%         1


Dungeon Overview and Level Annotations

Branches:
Dungeon (3/15)

Altars:
Okawaru

Annotations:
D:1 1 transporter
D:2 1 runed translucent door, Crazy Yiuf


Innate Abilities, Weirdness & Mutations

You have a pair of horns on your head.
You reflexively headbutt those who attack you in melee.


Message History

The scorpion poisons you!
You barely miss the scorpion. Your headbutt misses the scorpion.
You feel very sick. The scorpion barely misses you.
You barely miss the scorpion.
You feel very sick. The scorpion completely misses you.
You furiously retaliate!
You headbutt the scorpion. The scorpion stings you.
You closely miss the scorpion.
The scorpion is moderately wounded.
You feel sick. The scorpion misses you.
You hit the scorpion.
The scorpion is heavily wounded.
You feel sick. The scorpion stings you.
You are more poisoned.
The scorpion poisons you!
The scorpion stings you but does no damage.
You barely miss the scorpion. Your headbutt misses the scorpion.
The scorpion is heavily wounded.
You feel very sick.
The scorpion stings you but does no damage.
You hit the scorpion but do no damage. You headbutt the scorpion.
The scorpion is heavily wounded.
You feel sick. The scorpion barely misses you.
You closely miss the scorpion.
The scorpion is heavily wounded.
You feel sick. The scorpion closely misses you. The scorpion stings you.
* * * LOW HITPOINT WARNING * * *
It was a potion of curing.
You feel better. The scorpion stings you!
You are poisoned.
The scorpion poisons you!
You hit the scorpion.
The scorpion is severely wounded.
You feel sick. The scorpion stings you.
* * * LOW HITPOINT WARNING * * *
You are more poisoned.
The scorpion poisons you!
You hit the scorpion but do no damage.
The scorpion is severely wounded.
You die...

#..........# ##..## #.#
#.†........# #######..##
#.## #..........# .(..#
##..## #... #..........#
....## ##..# #..#
#..........#
#......###.####..#
#..........#
#............##..#
#..........#
###.###.......).#..#
#########..#
#..s###............#
#....###..@.##........##..#
#........._...........##..#
#......##....###......##..#
#......###...# #......##..#
.........# #.###
#.........>. .....###...
..# #......#.#.# .....
#.....)# ###....# .# .....
######.# .... #.#


You could see a scorpion.

Vanquished Creatures
  2 adders (D:2)
  An orc (D:3)
  7 bats
  5 endoplasms
  2 giant cockroaches (D:1)
  4 goblins
  4 hobgoblins
  4 quokkas
  4 ball pythons
  3 frilled lizards
  5 kobolds
  3 rats
44 creatures vanquished.

Vanquished Creatures (others)
  A kobold (D:1)
1 creature vanquished.

Grand Total: 45 creatures vanquished

Notes
Turn   | Place    | Note
-------+----------+-------------------------------------------
     0 | D:1      | Eitelfritz the Minotaur Gladiator began the quest for the
                  | Orb.
     0 | D:1      | Reached XP level 1. HP: 18/18 MP: 0/0
   100 | D:1      | Reached XP level 2. HP: 25/25 MP: 1/1
   180 | D:1      | Reached skill level 4 in Long Blades
  1196 | D:2      | Reached XP level 3. HP: 21/30 MP: 2/2
  1367 | D:2      | Reached skill level 1 in Armour
  1511 | D:2      | Found a runed translucent door.
  1512 | D:2      | Noticed Crazy Yiuf
  1591 | D:2      | Found a faded altar of an unknown god.
  2006 | D:3      | Found an iron altar of Okawaru.
  2014 | D:3      | Noticed a scorpion
  2028 | D:3      | Succumbed to a scorpion's poison

Illustrated notes

Levels and vault maps discovered:
D:1:      spicycebolla_arrival_risky_transporter, layout_rooms,
          lemuel_flame_loot_1
D:2:      layout_basic, hellmonk_ecumenical_altar_run_dry,
          uniq_crazy_yiuf_cottage
D:3:      layout_basic, nicolae_overflow_crystal_walls

Skill      XL: |  1  2  3 |
---------------+----------+-----
Long Blades    | 4 |  4.5
Armour         | 1 |  1.5
Fighting       | |  2.8
Throwing       | |  2.2
Dodging        | |  3.9
Stealth        | |  0.1

Action                   || total
-------------------------++-------
Melee: Long sword        ||    87
       Headbutt          ||    12
       Punch             ||     1
Throw: Throwing net      ||     3
  Use: Potion            ||     1
Armor: Leather armour    ||    27
Dodge: Dodged            ||    78
